 Dungeon Crawl Stone Soup version 0.30-a0-568-g124715a40b (webtiles) character file.

Game seed: 13649194548637558776

43 IdlyInterested the Covered (level 3, 0/29 HPs)
             Began as a Demonspawn Fighter on Dec 28, 2022.
             Slain by a hobgoblin (1 damage)
             ... led by Robin
             ... on level 2 of the Dungeon.
             The game lasted 00:03:16 (1070 turns).

IdlyInterested the Covered (Demonspawn Fighter)     Turns: 1070, Time: 00:03:17

Health: 0/29       AC:  8    Str: 24    XL:     3   Next: 37%
Magic:  3/3        EV:  9    Int:  9    God:
Gold:   94         SH:  4    Dex: 12    Spells: 2/2 levels left

rFire   . . .      SeeInvis .    a - +0 flail
rCold   . . .      Faith    .    c - +0 buckler
rNeg    . . .      Spirit   .    b - +0 scale mail
rPois   .          Reflect  .    (no helmet)
rElec   .          Harm     .    (no cloak)
rCorr   .          Rampage  .    (no gloves)
Will    .....                    (no boots) Stlth
                                 (no amulet)
HPRegen 0.24/turn                e - +6 ring of strength
MPRegen 0.08/turn                (no ring)

@: mighty
A: molten scales 1
a: no special abilities


You were on level 2 of the Dungeon.
You visited 1 branch of the dungeon, and saw 2 of its levels.

You collected 94 gold pieces.

Inventory:

Hand Weapons
 a - a +0 flail (weapon)
Missiles
 f - 7 stones (quivered)
 g - 4 poisoned darts
Armour
 b - a +0 scale mail (worn)
 c - a +0 buckler (worn)
Jewellery
 e - a +6 ring of strength (left hand)
Potions
 j - a potion of flight {unknown}


   Skills:
 - Level 3.0 Fighting
 * Level 2.7 Maces & Flails
 * Level 3.2 Armour
 * Level 0.8 Dodging
 - Level 2.6 Shields


You had 2 spell levels left.
You didn't know any spells.
Your spell library was empty.

Dungeon Overview and Level Annotations

Branches:
Dungeon (2/15)

Altars:

Shops:
D:1 [

Annotations:
D:2 Robin


Innate Abilities, Weirdness & Mutations

You are partially covered in molten scales. (AC +2)


Message History

You hit the phantom.
The phantom is heavily damaged.
A hobgoblin comes into view.
You block the phantom's attack.
The frilled lizard bites you but does no damage.
Robin roars a battlecry!
The goblin goes into a battle-frenzy!
The goblin hits you but does no damage. The phantom barely misses you.
The hobgoblin hits you but does no damage.
The frilled lizard closely misses you.
You closely miss the hobgoblin. The hobgoblin hits you. The phantom hits you.
The frilled lizard bites you but does no damage.
The goblin hits you with a +0 club.
You hit the hobgoblin but do no damage. You block Robin's attack.
The phantom hits you but does no damage.
The hobgoblin hits you. You block the goblin's attack.
A rat comes into view.
The frilled lizard closely misses you.
You hit Robin.
Robin is moderately wounded.
Robin points. "Kill!"
You block Robin's attack. The hobgoblin hits you.
The phantom hits you but does no damage.
The goblin hits you but does no damage.
The frilled lizard bites you but does no damage.
The frilled lizard bites you. Robin hits you but does no damage.
The goblin closely misses you. The hobgoblin barely misses you.
The phantom misses you.
You feel very mighty all of a sudden. The hobgoblin hits you.
* * * LOW HITPOINT WARNING * * *
The phantom barely misses you.
The frilled lizard bites you but does no damage.
The goblin hits you with a +0 club.
* * * LOW HITPOINT WARNING * * *
Robin closely misses you.
You sock Robin!
Robin is almost dead.
You block Robin's attack. The hobgoblin hits you.
You die...

##### ##...##
##>).).##
#...)...#
#.......#
#.......#
##.....##
##..lg..##..
#..W@gg.....
.!.....ggK.##..
...........#
....#.....#r.
....##...##.#..
## ..... #
####. #.


You could see a phantom, Robin, 3 hobgoblins, a goblin (strong), a kobold, a
frilled lizard and a rat.

Vanquished Creatures
  5 endoplasms (D:1)
  10 goblins
  7 hobgoblins
  3 quokkas (D:1)
  A ball python (D:1)
  3 bats
  5 frilled lizards (D:1)
  2 rats (D:1)
36 creatures vanquished.

Notes
Turn   | Place    | Note
-------+----------+-------------------------------------------
     0 | D:1      | IdlyInterested the Demonspawn Fighter began the quest for
                  | the Orb.
     0 | D:1      | Reached XP level 1. HP: 18/18 MP: 1/1
   254 | D:1      | Gained mutation: You are partially covered in molten
                  | scales. (AC +2) [demonic ancestry]
   254 | D:1      | Reached XP level 2. HP: 24/24 MP: 2/2
   583 | D:1      | Found Beemeip's Antique Armour Boutique.
   924 | D:1      | Reached XP level 3. HP: 28/29 MP: 3/3
  1057 | D:2      | Noticed a phantom
  1062 | D:2      | Noticed Robin
  1069 | D:2      | HP: 1/29 [goblin/+0 club[Robin] (5)]
  1070 | D:2      | Slain by a hobgoblin

Illustrated notes

Levels and vault maps discovered:
D:1:      sevenhm_arrival_forest_fort_small_3, layout_basic, serial_shops,
          nicolae_shop_crystal, minivault_26
D:2:      layout_rooms, small_statue_intersection, minmay_tetromino_i4,
          uniq_robin

Skill      XL: |  1 |
---------------+----+-----
Maces & Flails | 2 |  2.7
Armour         | 3 |  3.2
Fighting       | |  3.0
Dodging        | |  0.8
Shields        | |  2.6

Action                   || total
-------------------------++-------
Melee: Flail             ||   130
Throw: Dart              ||     4
  Use: Scroll            ||     2
       Potion            ||     1
Armor: Scale mail        ||    81
Dodge: Dodged            ||    68
Block: Buckler           ||    46

Table legend: (Time is in decaauts)
 A = Elapsed time spent in this place.
 B = Non-inter-level travel time spent in this place.
 C = Inter-level travel time spent in this place.
 D = Time resting spent in this place.
 E = Time spent auto-exploring this place.
 F = Levels seen in this place.
 G = Mean time per level.
                   A        B        C        D        E       F      G
               +--------+--------+--------+--------+--------+-----+--------+
         Total |   1113 |   1059 |     54 |     79 |    641 |   2 |  556.5 |
       Dungeon |   1113 |   1059 |     54 |     79 |    641 |   2 |  556.5 |
               +--------+--------+--------+--------+--------+-----+--------+

Top non-repeatable levels by time:
     D:1: 1019 daAuts
     D:2: 93 daAuts
